Map: Ephemeron LE

Players

CatZ

  • Race: Zerg Zerg
  • League: Grandmaster
  • Spawn Location: 11:00

Serral - Winner!

  • Race: Zerg Zerg
  • Spawn Location: 5:00

Event: NationWars 2019

VOD

Have the link to the VOD?

Description

Time

  • Played on: Oct. 6, 2019, 3:27 p.m.
  • Length: 9:08

All games in this series

Show
View Real Time Build Order
Export as new Build Order

CatZ Zerg 

Build Orders: Pool First 

Get SALT Encoding   

  12  0:18  Spawning Pool  
  11  0:22  Drone  
  11  0:27  Drone  
  13  0:31  Drone  
  14  0:40  Overlord  
  14  1:05  Zergling x6  
  17  1:16  Zergling x2  
  18  1:18  Hatchery  
  17  1:28  Zergling x2  
  18  1:41  Zergling x2  
  18  1:42  Queen  
  21  1:48  Zergling x2  
  22  1:59  Overlord  
  22  2:18  Evolution Chamber  
  21  2:29  Queen  
  21  2:30  Queen  
  21  2:31  Drone  
  21  2:32  Drone x2  
  26  2:38  Drone  
  26  2:41  Drone  
  28  2:47  Drone  
  29  2:53  Drone  
  30  3:01  Drone x3  
  33  3:07  Drone  
  34  3:13  Drone x2  
  34  3:14  Extractor x2  
  34  3:15  Drone  
  34  3:19  Overlord  
  35  3:25  Drone  
  36  3:32  Drone, Evolution Chamber  
  36  3:42  Drone x2  
  36  3:43  Drone  
  39  3:49  Evolution Chamber  
  39  3:53  Drone  
  40  3:57  Drone  
  40  4:01  Roach Warren  
  40  4:04  Zerg Melee Weapons Level 1  
  40  4:06  Overlord  
  40  4:12  Drone x2  
  40  4:16  Zergling x8  
  43  4:17  Evolution Chamber  
  43  4:24  Zergling x6  
  44  4:42  Roach  
  44  4:44  Metabolic Boost  
  43  5:00  Overlord  
  43  5:14  Hatchery  
  43  5:15  Zergling x2  
  43  5:17  Overlord  
  43  5:18  Zergling x6  
  43  5:20  Zergling x10  
  51  5:39  Zergling x6  
  51  5:40  Zergling x4  
  51  5:44  Zergling x4  
  51  5:45  Zergling x2, Baneling Nest  
  51  5:49  Zergling x6  
  53  5:57  Zergling x4  
  53  6:02  Queen  
  53  6:04  Zergling x4  
  59  6:13  Zergling x2  
  59  6:14  Overlord  
  59  6:18  Overlord  
  60  6:22  Zergling x2  
  60  6:23  Zergling x2  
  56  6:27  Zergling x8  
  56  6:30  Zergling x2  
  52  6:43  Zergling x2  
  52  6:44  Zergling x10  
  57  6:48  Queen  
  57  6:53  Zergling x2  
  57  6:54  Lair  
  58  6:56  Zergling x2  
  58  7:00  Baneling  
  58  7:01  Baneling x11  
  59  7:02  Baneling x3  
  59  7:04  Zergling x2  
  59  7:05  Zergling x2  
  59  7:08  Zergling x4  
  63  7:09  Zergling x4  
  63  7:10  Zergling x2  
  66  7:16  Zergling x6  
  66  7:20  Zergling x2  
  47  7:44  Zergling x6  
  47  7:45  Zergling x8  
  47  7:49  Zergling x4  
  47  7:50  Zergling x2  
  57  7:55  Baneling x10  
  57  7:56  Zergling x4  
  57  7:58  Zergling x2  
  60  8:00  Zergling x2  
  60  8:01  Zergling x2  
  60  8:04  Zergling x2  
  63  8:08  Zergling x2  
  63  8:09  Zergling x2  
  56  8:22  Zergling x12  
  57  8:29  Zergling x6  
  57  8:30  Zergling x2  
  57  8:31  Zergling x2  
  48  8:35  Zergling x2  
  48  8:39  Zergling x4  
Show
View Real Time Build Order
Export as new Build Order

Serral Zerg - Winner!

Build Orders: Hatch First 

Get SALT Encoding   

  12  0:00  Drone  
  13  0:12  Overlord  
  13  0:17  Drone  
  14  0:30  Drone  
  14  0:31  Drone  
  16  0:48  Hatchery  
  15  0:52  Drone  
  15  0:55  Drone  
  17  0:59  Drone  
  18  1:09  Extractor  
  17  1:14  Spawning Pool  
  17  1:17  Drone  
  17  1:20  Drone  
  18  1:28  Drone  
  19  1:39  Drone  
  20  2:00  Queen  
  25  2:01  Zergling x6  
  27  2:10  Overlord  
  27  2:13  Zergling x2  
  26  2:40  Hatchery  
  25  2:48  Metabolic Boost  
  25  2:54  Overlord  
  25  2:58  Drone  
  26  3:00  Drone  
  26  3:04  Drone  
  28  3:14  Drone x2  
  28  3:15  Drone  
  28  3:17  Zergling x2  
  31  3:24  Zergling x2  
  32  3:34  Drone  
  33  3:45  Drone x2  
  35  3:53  Queen  
  35  3:54  Hatchery  
  36  4:00  Overlord  
  36  4:03  Drone  
  36  4:04  Drone  
  36  4:06  Drone  
  36  4:08  Zergling x2  
  40  4:12  Drone  
  41  4:18  Evolution Chamber  
  41  4:19  Zergling x2  
  41  4:23  Drone x2  
  41  4:24  Drone  
  44  4:28  Roach Warren  
  44  4:29  Drone  
  44  4:36  Drone x2  
  47  4:45  Extractor  
  47  4:46  Drone, Extractor, Zerg Missile Weapons Level 1  
  47  4:47  Drone  
  42  4:55  Drone x2  
  42  4:58  Overlord  
  43  5:01  Drone x2  
  43  5:03  Lair  
  43  5:06  Queen  
  45  5:10  Zergling x4  
  45  5:11  Zergling x2  
  49  5:17  Zergling x4  
  49  5:18  Zergling x4  
  53  5:24  Zergling x2  
  53  5:25  Zergling x2  
  55  5:32  Zergling x4  
  55  5:33  Zergling x4  
  58  5:38  Zergling x2  
  58  5:39  Zergling x2  
  58  5:40  Drone x2  
  58  5:42  Drone  
  61  5:44  Overlord  
  61  5:48  Roach  
  62  5:52  Roach  
  62  5:55  Overlord x2  
  64  6:02  Glial Reconstitution  
  64  6:07  Roach x3  
  64  6:08  Overseer, Roach  
  72  6:14  Overlord x2  
  72  6:18  Extractor  
  72  6:20  Roach x2  
  72  6:24  Zergling x2, Roach x2  
  79  6:29  Ravager  
  79  6:31  Roach x2  
  70  6:37  Zergling x6  
  66  6:42  Roach x2  
  69  6:47  Roach  
  69  6:53  Roach x2, Queen  
  72  6:55  Queen  
  72  6:58  Roach  
  76  7:02  Roach  
  78  7:14  Roach x2  
  78  7:15  Roach  
  84  7:22  Roach x2  
  88  7:25  Evolution Chamber  
  87  7:36  Roach x3  
  75  7:44  Roach x2  
  75  7:45  Roach x2  
  86  7:51  Roach  
  86  7:53  Queen  
  86  7:55  Queen  
  90  8:01  Roach x2  
  94  8:08  Roach x2  
  97  8:17  Roach  
  97  8:18  Roach x3, Ravager  
  99  8:26  Roach  
  99  8:27  Roach  
  101  8:31  Roach x2  
  98  8:35  Roach  
  100  8:43  Roach  
Tags
 
Add a new tag
Caveats
  • Supply blocks, unpowered buildings, or Contaminate may cause inaccurate times.
  • Supply counts are checked every 10 seconds.